TOP OF THE 1ST |
Irvine Gang Green batting - Pitching for Portland Cards : RHP Manuel Fuentes
|
Pitching: RHP Manuel Fuentes
|
|
Batting: LHB Leonardo Medina
|
0-0: Called Strike 0-1: Ball 1-1: Ball 2-1: Ball 3-1: Called Strike 3-2: SOLO HOME RUN (Flyball, 78XD), Distance : 366 ft
|
Batting: LHB Tom Baker
|
0-0: Ball 1-0: Swinging Strike 1-1: Ball 2-1: Swinging Strike 2-2: Foul Ball, location: 2F 2-2: Ball 3-2: Base on Balls
|
Batting: LHB Jorge Martínez
|
0-0: Called Strike 0-1: Ball 1-1: Ball 2-1: Ball 3-1: Called Strike 3-2: Ground out 4-3 (Groundball, 4) Tom Baker to second
|
Batting: LHB Víctor Quiñones
|
0-0: Called Strike 0-1: Called Strike 0-2: Ground out 4-3 (Groundball, 4) Tom Baker to third
|
Batting: LHB Jesús Campos
|
0-0: Called Strike 0-1: Ball 1-1: Swinging Strike 1-2: Strikes out swinging
|
Top of the 1st over - 1 run(s), 1 hit(s), 0 error(s), 1 left on base; Irvine 1 - Portland 0 |
BOTTOM OF THE 1ST |
Portland Cards batting - Pitching for Irvine Gang Green : LHP Frank Jackson
|
Pitching: LHP Frank Jackson
|
|
Batting: RHB Germán Rosales
|
0-0: Ground out 1-3 (Groundball, 2R)
|
Batting: LHB Keith Beard
|
0-0: SINGLE (Flyball, 8RS)
|
Batting: LHB Jeff Daniels
|
0-0: Swinging Strike 0-1: Foul Ball, location: 2F 0-2: Foul Ball, location: 2F 0-2: Ball 1-2: Fly out, F6 (Popup, 8LS)
|
Batting: LHB Donovan Bird
|
0-0: Called Strike 0-1: Fly out, F8 (Line Drive, 8RD)
|
Bottom of the 1st over - 0 run(s), 1 hit(s), 0 error(s), 1 left on base; Irvine 1 - Portland 0 |
TOP OF THE 2ND |
Irvine Gang Green batting - Pitching for Portland Cards : RHP Manuel Fuentes
|
Batting: RHB José Salazar
|
0-0: Called Strike 0-1: Fly out, F2 (Popup, 2LF)
|
Batting: LHB Bill Murphy
|
0-0: Ball 1-0: Ground out 4-3 (Groundball, 4)
|
Batting: RHB Tom Doherty
|
0-0: Ball 1-0: Ball 2-0: Ground out 5-3 (Groundball, 56)
|
Top of the 2nd over - 0 run(s), 0 hit(s), 0 error(s), 0 left on base; Irvine 1 - Portland 0 |
BOTTOM OF THE 2ND |
Portland Cards batting - Pitching for Irvine Gang Green : LHP Frank Jackson
|
Batting: RHB Aaron Scott
|
0-0: Ball 1-0: Ball 2-0: Called Strike 2-1: Called Strike 2-2: Ball 3-2: Fly out, F6 (Popup, 4MD)
|
Batting: LHB Paul Mullins
|
0-0: Ball 1-0: Ball 2-0: Ball 3-0: Called Strike 3-1: Foul Ball, location: 2F 3-2: SINGLE (Groundball, 6MD)
|
Batting: RHB Bartolo Quiñones
|
0-0: Foul Ball, location: 2F 0-1: Ball 1-1: Ball 2-1: Fielders Choice at 2nd, 5-4 (Groundball, 56)
|
Batting: LHB Tom Blake
|
0-0: Ball 1-0: Ball 2-0: Ball 3-0: Called Strike 3-1: Fly out, F7 (Line Drive, 78M)
|
Bottom of the 2nd over - 0 run(s), 1 hit(s), 0 error(s), 1 left on base; Irvine 1 - Portland 0 |
TOP OF THE 3RD |
Irvine Gang Green batting - Pitching for Portland Cards : RHP Manuel Fuentes
|
Batting: RHB Manny Copriviza
|
0-0: Foul Ball, location: 2F 0-1: Foul Ball, location: 2F 0-2: Ball 1-2: Ball 2-2: Foul Ball, location: 2F 2-2: Ground out U3 (Groundball, 3L)
|
Batting: LHB Leonardo Medina
|
0-0: Foul Ball, location: 2F 0-1: SINGLE (Line Drive, 89S)
|
Batting: LHB Tom Baker
|
0-0: Foul Ball, location: 2F 0-1: Ball 1-1: Ball 2-1: Ball 3-1: DOUBLE (Line Drive, 89XD) Leonardo Medina to third
|
Batting: LHB Jorge Martínez
|
0-0: Ball 1-0: Called Strike 1-1: Ball 2-1: Ball 3-1: Called Strike 3-2: Foul Ball, location: 2F 3-2: SINGLE (Groundball, 6MD) Leonardo Medina scores Tom Baker to third Runner from 3rd tries for Home, SAFE, no throw or cutoff
|
Batting: LHB Víctor Quiñones
|
0-0: Called Strike 0-1: Ball 1-1: Foul Ball, location: 2F 1-2: Ball 2-2: Foul Ball, location: 2F 2-2: Grounds into double play, 4-6-3 (Groundball, 4)
|
Top of the 3rd over - 2 run(s), 3 hit(s), 0 error(s), 0 left on base; Irvine 3 - Portland 0 |
BOTTOM OF THE 3RD |
Portland Cards batting - Pitching for Irvine Gang Green : LHP Frank Jackson
|
Batting: RHB Dani Vázquez
|
0-0: Ball 1-0: SINGLE (Groundball, 25) (infield hit)
|
Batting: RHB Germán Rosales
|
0-0: Called Strike 0-1: Called Strike 0-2: Ball 1-2: 2-RUN HOME RUN (Flyball, 9D), Distance : 345 ft
|
Batting: LHB Keith Beard
|
0-0: Ball 1-0: Foul Ball, location: 2F 1-1: Ball 2-1: Swinging Strike 2-2: Ball 3-2: Base on Balls
|
Batting: LHB Jeff Daniels
|
0-0: Called Strike 0-1: Swinging Strike 0-2: Foul Ball, location: 2F 0-2: Foul Ball, location: 2F 0-2: SINGLE (Flyball, 4MD) Keith Beard to second
|
Batting: LHB Donovan Bird
|
0-0: Called Strike 0-1: Ball 1-1: Foul Ball, location: 2F 1-2: Ball 2-2: Ball 3-2: Ground out 4-3 (Groundball, 4M) Keith Beard to third Jeff Daniels to second
|
Batting: RHB Aaron Scott
|
0-0: Ball 1-0: SINGLE (Line Drive, 4MD) Keith Beard scores Jeff Daniels to third
|
Batting: LHB Paul Mullins
|
0-0: Foul Ball, location: 2F 0-1: Foul Ball, location: 2F 0-2: Grounds into double play, 4-6-3 (Groundball, 4)
|
Bottom of the 3rd over - 3 run(s), 4 hit(s), 0 error(s), 1 left on base; Irvine 3 - Portland 3 |
TOP OF THE 4TH |
Irvine Gang Green batting - Pitching for Portland Cards : RHP Manuel Fuentes
|
Batting: LHB Jesús Campos
|
0-0: Ball 1-0: Ball 2-0: Foul Ball, location: 2F 2-1: Ball 3-1: Base on Balls
|
Batting: RHB José Salazar
|
0-0: Ball 1-0: Grounds into double play, 6-4-3 (Groundball, 6)
|
Batting: LHB Bill Murphy
|
0-0: Ball 1-0: Foul Ball, location: 2F 1-1: Foul Ball, location: 2F 1-2: Ball 2-2: Strikes out looking
|
Top of the 4th over - 0 run(s), 0 hit(s), 0 error(s), 0 left on base; Irvine 3 - Portland 3 |
BOTTOM OF THE 4TH |
Portland Cards batting - Pitching for Irvine Gang Green : LHP Frank Jackson
|
Batting: RHB Bartolo Quiñones
|
0-0: Foul Ball, location: 2F 0-1: Swinging Strike 0-2: Ball 1-2: SINGLE (Line Drive, 7S)
|
Batting: LHB Tom Blake
|
0-0: Called Strike 0-1: Ball 1-1: Ball 2-1: Ball Wild Pitch! Bartolo Quiñones to second 3-1: Foul Ball, location: 2F 3-2: Base on Balls
|
Batting: RHB Dani Vázquez
|
0-0: Called Strike 0-1: Ball 1-1: Fly out, F9 (Flyball, 9LM)
|
Batting: RHB Germán Rosales
|
0-0: Ball 1-0: Called Strike 1-1: SINGLE (Groundball, 34D) Bartolo Quiñones to third Tom Blake to second Runner from 3rd tries for Home, SAFE, throw made home Tom Blake to third Germán Rosales to second
|
Batting: LHB Keith Beard
|
0-0: Ball 1-0: Called Strike 1-1: Ball 2-1: Foul Ball, location: 2F 2-2: Fly out, F7 (Flyball, 78M) Runner from 3rd tags up, SCORES, throw made
|
Pitching: RHP Joe Wilson
|
|
Batting: LHB Jeff Daniels
|
0-0: Foul Ball, location: 2F 0-1: SINGLE (Line Drive, 89S) Germán Rosales to third Runner from 3rd tries for Home, SAFE, no throw or cutoff
|
Batting: LHB Donovan Bird
|
0-0: Called Strike 0-1: Ball 1-1: Ball 2-1: Foul Ball, location: 2F 2-2: Ball 3-2: Base on Balls Jeff Daniels to second
|
Batting: RHB Aaron Scott
|
0-0: Ball 1-0: Swinging Strike 1-1: Foul Ball, location: 2F 1-2: Ball 2-2: Fly out, F6 (Popup, 5D)
|
Bottom of the 4th over - 3 run(s), 3 hit(s), 0 error(s), 2 left on base; Irvine 3 - Portland 6 |
TOP OF THE 5TH |
Irvine Gang Green batting - Pitching for Portland Cards : RHP Manuel Fuentes
|
Batting: RHB Tom Doherty
|
0-0: Swinging Strike 0-1: Ball 1-1: Called Strike 1-2: Ball 2-2: Ball 3-2: Ground out 6-3 (Groundball, 6M)
|
Batting: RHB Manny Copriviza
|
0-0: Called Strike 0-1: Foul Ball, location: 2F 0-2: Fly out, F6 (Line Drive, 6)
|
Batting: LHB Leonardo Medina
|
0-0: Ball 1-0: Ball 2-0: Foul Ball, location: 2F 2-1: Ground out 4-3 (Groundball, 4)
|
Top of the 5th over - 0 run(s), 0 hit(s), 0 error(s), 0 left on base; Irvine 3 - Portland 6 |
BOTTOM OF THE 5TH |
Portland Cards batting - Pitching for Irvine Gang Green : RHP Joe Wilson
|
Batting: LHB Paul Mullins
|
0-0: Ball 1-0: Ball 2-0: SINGLE (Flyball, 7S)
|
Batting: RHB Bartolo Quiñones
|
0-0: Called Strike 0-1: Ball 1-1: Fly out, F8 (Line Drive, 8LM)
|
Batting: LHB Tom Blake
|
0-0: Called Strike 0-1: SINGLE (Line Drive, 34) Paul Mullins to second
|
Batting: RHB Dani Vázquez
|
0-0: Called Strike 0-1: Called Strike 0-2: Ball 1-2: Ball 2-2: Ground out 3-1 (Groundball, 34) Paul Mullins to third Tom Blake to second
|
Batting: RHB Germán Rosales
|
0-0: Ball 1-0: Ball 2-0: Ball 3-0: Called Strike 3-1: Foul Ball, location: 2F 3-2: Fly out, F4 (Line Drive, 4)
|
Bottom of the 5th over - 0 run(s), 2 hit(s), 0 error(s), 2 left on base; Irvine 3 - Portland 6 |
TOP OF THE 6TH |
Irvine Gang Green batting - Pitching for Portland Cards : RHP Manuel Fuentes
|
Batting: LHB Tom Baker
|
0-0: Called Strike 0-1: Foul Ball, location: 2F 0-2: Ball 1-2: Fly out, F7 (Line Drive, 7S)
|
Batting: LHB Jorge Martínez
|
0-0: Ball 1-0: Foul Ball, location: 2F 1-1: Fly out, F8 (Flyball, 8LS)
|
Batting: LHB Víctor Quiñones
|
0-0: Called Strike 0-1: Ground out 4-3 (Groundball, 4)
|
Top of the 6th over - 0 run(s), 0 hit(s), 0 error(s), 0 left on base; Irvine 3 - Portland 6 |
BOTTOM OF THE 6TH |
Portland Cards batting - Pitching for Irvine Gang Green : RHP Joe Wilson
|
Batting: LHB Keith Beard
|
0-0: SINGLE (Groundball, 5D)
|
Batting: LHB Jeff Daniels
|
0-0: Grounds out, U3 (Groundball, 3L)
|
Batting: LHB Donovan Bird
|
0-0: Ball 1-0: Ball 2-0: Called Strike 2-1: Ground out 6-3 (Groundball, 6)
|
Batting: RHB Aaron Scott
|
0-0: Ball 1-0: Fly out, F9 (Flyball, 9LM)
|
Bottom of the 6th over - 0 run(s), 1 hit(s), 0 error(s), 1 left on base; Irvine 3 - Portland 6 |
TOP OF THE 7TH |
Irvine Gang Green batting - Pitching for Portland Cards : RHP Manuel Fuentes
|
Pitching: LHP Valentín Reséndez
|
|
Batting: LHB Jesús Campos
|
0-0: Foul Ball, location: 2F 0-1: Swinging Strike 0-2: Ball 1-2: Ball 2-2: Fly out, F7 (Flyball, 7LM)
|
Batting: RHB José Salazar
|
0-0: SINGLE (Line Drive, 7LM)
|
Batting: LHB Bill Murphy
|
0-0: Ball 1-0: SINGLE (Line Drive, 6D) José Salazar to second
|
Batting: RHB Tom Doherty
|
0-0: Called Strike 0-1: Foul Ball, location: 2F 0-2: SINGLE (Groundball, 56) José Salazar to third Bill Murphy to second Runner from 3rd tries for Home, SAFE, no throw or cutoff
|
Batting: RHB Manny Copriviza
|
0-0: Ball 1-0: Ball 2-0: Foul Ball, location: 2F 2-1: Swinging Strike 2-2: 3-RUN HOME RUN (Flyball, 7D), Distance : 366 ft
|
Pitching: LHP Mark Murchison
|
|
Batting: LHB Leonardo Medina
|
0-0: Called Strike 0-1: Foul Ball, location: 2F 0-2: Ball 1-2: Foul Ball, location: 2F 1-2: SINGLE (Line Drive, 6MD)
|
Pinch Hitting: RHB Eichiro Yamamoto
|
0-0: Ball 1-0: Foul Ball, location: 2F 1-1: Called Strike 1-2: Strikes out swinging
|
Batting: LHB Jorge Martínez
|
0-0: Ground out 4-3 (Groundball, 4S)
|
Top of the 7th over - 4 run(s), 5 hit(s), 0 error(s), 1 left on base; Irvine 7 - Portland 6 |
BOTTOM OF THE 7TH |
Portland Cards batting - Pitching for Irvine Gang Green : RHP Joe Wilson
|
Pitching: LHP Yu-shu Kong
|
|
Now in CF: Eichiro Yamamoto
|
|
Batting: LHB Paul Mullins
|
0-0: Foul Ball, location: 2F 0-1: Ball 1-1: Foul Ball, location: 2F 1-2: Ball 2-2: Fly out, F8 (Flyball, 8LM)
|
Batting: RHB Bartolo Quiñones
|
0-0: Ground out 1-3 (Groundball, 15S)
|
Batting: LHB Tom Blake
|
0-0: Ball 1-0: Ball 2-0: Called Strike 2-1: Ball 3-1: Swinging Strike 3-2: Strikes out looking
|
Bottom of the 7th over - 0 run(s), 0 hit(s), 0 error(s), 0 left on base; Irvine 7 - Portland 6 |
TOP OF THE 8TH |
Irvine Gang Green batting - Pitching for Portland Cards : LHP Mark Murchison
|
Batting: LHB Víctor Quiñones
|
0-0: Called Strike 0-1: Swinging Strike 0-2: Ball 1-2: Ball 2-2: Foul Ball, location: 2F 2-2: Fly out, F4 (Line Drive, 34D)
|
Batting: LHB Jesús Campos
|
0-0: Fly out, F6 (Popup, 6MD)
|
Batting: RHB José Salazar
|
0-0: Ground out 5-3 (Groundball, 5S)
|
Top of the 8th over - 0 run(s), 0 hit(s), 0 error(s), 0 left on base; Irvine 7 - Portland 6 |
BOTTOM OF THE 8TH |
Portland Cards batting - Pitching for Irvine Gang Green : LHP Yu-shu Kong
|
Pitching: RHP Kuang-yin Yue
|
|
Batting: RHB Dani Vázquez
|
0-0: Ball 1-0: Called Strike 1-1: Fly out, F7 (Flyball, 7M)
|
Batting: RHB Germán Rosales
|
0-0: Ball 1-0: Ball 2-0: Ball 3-0: Called Strike 3-1: Base on Balls
|
Pitching: RHP Raúl Saltines
|
|
Batting: LHB Keith Beard
|
0-0: Sac Bunt - play at second, runner OUT! 1-6
|
Batting: LHB Jeff Daniels
|
0-0: Ball 1-0: Ground out U3 (Groundball, 3L)
|
Bottom of the 8th over - 0 run(s), 0 hit(s), 0 error(s), 1 left on base; Irvine 7 - Portland 6 |
TOP OF THE 9TH |
Irvine Gang Green batting - Pitching for Portland Cards : LHP Mark Murchison
|
Batting: LHB Bill Murphy
|
0-0: Called Strike 0-1: Ground out 4-3 (Groundball, 4)
|
Batting: RHB Tom Doherty
|
0-0: Called Strike 0-1: Ball 1-1: Swinging Strike 1-2: Ball 2-2: Ball 3-2: Base on Balls
|
Batting: RHB Manny Copriviza
|
0-0: Foul Ball, location: 2F 0-1: Foul Ball, location: 2F 0-2: Ball 1-2: Foul Ball, location: 2F 1-2: Strikes out swinging
|
Batting: LHB Leonardo Medina
|
0-0: Ball 1-0: Swinging Strike 1-1: Ball 2-1: SINGLE (Flyball, 9LM) Tom Doherty to second Runner from 2nd tries for 3rd, SAFE, throw made to third
|
Batting: RHB Eichiro Yamamoto
|
0-0: Ball 1-0: Swinging Strike 1-1: Ball 2-1: SINGLE (Line Drive, 89S) Tom Doherty scores Leonardo Medina to second Runner from 2nd tries for 3rd, SAFE, throw made to third
|
Pitching: RHP César Menéndez
|
|
Batting: LHB Jorge Martínez
|
0-0: Ball 1-0: Ball 2-0: Foul Ball, location: 2F 2-1: Ball 3-1: Called Strike 3-2: SINGLE (Line Drive, 56) Leonardo Medina scores Eichiro Yamamoto to second Eichiro Yamamoto to third
|
Batting: LHB Víctor Quiñones
|
0-0: Ball 1-0: Ball 2-0: Swinging Strike 2-1: Ball 3-1: Base on Balls Jorge Martínez to second
|
Batting: LHB Jesús Campos
|
0-0: Ball 1-0: Foul Ball, location: 2F 1-1: Called Strike 1-2: Strikes out swinging
|
Top of the 9th over - 2 run(s), 3 hit(s), 0 error(s), 3 left on base; Irvine 9 - Portland 6 |
BOTTOM OF THE 9TH |
Portland Cards batting - Pitching for Irvine Gang Green : RHP Raúl Saltines
|
Pitching: RHP Mike Fisher
|
|
Batting: LHB Donovan Bird
|
0-0: Swinging Strike 0-1: Called Strike 0-2: Ball 1-2: SOLO HOME RUN (Line Drive, 9LD), Distance : 339 ft
|
Batting: RHB Aaron Scott
|
0-0: Ball 1-0: Called Strike 1-1: Ball 2-1: Fly out, F4 (Line Drive, 4)
|
Batting: LHB Paul Mullins
|
0-0: Ball 1-0: Ball 2-0: Ground out 6-3 (Groundball, 6M)
|
Batting: RHB Bartolo Quiñones
|
0-0: Called Strike 0-1: Ball 1-1: Foul Ball, location: 2F 1-2: Fly out, F8 (Line Drive, 8RM)
|
Bottom of the 9th over - 1 run(s), 1 hit(s), 0 error(s), 0 left on base; Irvine 9 - Portland 7 |
|